[ AOE2 MATCH · #473177337 ]
UnrankedBritons vs Celts
[ REPLAY ANALYSIS · EXTRACTED FROM THE RECORDED GAME ]
Feudal
14:03
Castle
—
Imperial
—
| APM avg | 21.8 |
| APM peak | 48 |
| eAPM avg | 14.9 |
| Villagers / military | 39 / 1 |
Focus
⚔️ 16.4% · 🌾 83.6%
Fishing Ship ×11 · Demolition Raft ×1
Feudal
11:39
Castle
15:16
Imperial
—
| APM avg | 35.0 |
| APM peak | 47 |
| eAPM avg | 15.0 |
| Villagers / military | 34 / 0 |
Focus
⚔️ 25.1% · 🌾 74.9%
Feudal
10:39
Castle
15:23
Imperial
—
| APM avg | 50.4 |
| APM peak | 101 |
| eAPM avg | 20.6 |
| Villagers / military | 32 / 3 |
Focus
⚔️ 19.1% · 🌾 80.9%
Scorpion ×3
Feudal
12:05
Castle
—
Imperial
—
| APM avg | 33.2 |
| APM peak | 47 |
| eAPM avg | 20.4 |
| Villagers / military | 28 / 0 |
Focus
⚔️ 17.0% · 🌾 83.0%
Feudal
12:20
Castle
—
Imperial
—
| APM avg | 32.4 |
| APM peak | 55 |
| eAPM avg | 15.0 |
| Villagers / military | 40 / 0 |
Focus
⚔️ 22.1% · 🌾 77.9%
Fishing Ship ×13
Feudal
10:38
Castle
—
Imperial
—
| APM avg | 41.5 |
| APM peak | 73 |
| eAPM avg | 26.8 |
| Villagers / military | 52 / 7 |
Focus
⚔️ 24.1% · 🌾 75.9%
Militia ×7
Feudal
8:53
Castle
—
Imperial
—
| APM avg | 42.3 |
| APM peak | 86 |
| eAPM avg | 16.8 |
| Villagers / military | 33 / 9 |
Focus
⚔️ 26.9% · 🌾 73.1%
Scout Cavalry ×9
Feudal
13:26
Castle
—
Imperial
—
| APM avg | 44.1 |
| APM peak | 66 |
| eAPM avg | 14.0 |
| Villagers / military | 37 / 0 |
Focus
⚔️ 11.6% · 🌾 88.4%
Fishing Ship ×6
Match map
Initial resources + every placement click. Lines = walls · curves = elevation contours. ◆ gold · ⬟ stone · ● berries · ✦ relic · ◌ wall gap
Your base· Open — unwalled flank
kasap_hasan's base· Open — unwalled flank
ׅ's base· Open — 3t gap
swagdalf's base· Open — unwalled flank
Megatron2002's base· Open — unwalled flank
AM | Tailor's base· Open — unwalled flank
JAGR | LeonzAoe's base· Open — unwalled flank
DKT | Juan Manco II's base· Open — unwalled flank
Smoothed initial terrain · ◌ = detected wall gap · hover for details
Inputs per minute
— BoBa - - kasap_hasan
Build order — BoBa
92 actions detected in the replay
| 0:02 | Create | Villager (Male) |
| 0:02 | Create | Villager (Male) |
| 0:02 | Create | Villager (Male) |
| 0:06 | Build | House |
| 0:15 | Create | Villager (Male) |
| 0:15 | Create | Villager (Male) |
| 1:18 | Create | Villager (Male) |
| 1:18 | Create | Villager (Male) |
| 1:45 | Create | Villager (Male) |
| 1:53 | Build | Lumber Camp |
| 2:19 | Research | Loom |
| 2:20 | Create | Villager (Male) |
| 2:21 | Create | Villager (Male) |
| 2:27 | Create | Villager (Male) |
| 2:42 | Build | House |
| 3:05 | Create | Villager (Male) |
| 3:05 | Create | Villager (Male) |
| 3:38 | Create | Villager (Male) |
| 4:03 | Create | Villager (Male) |
| 4:03 | Create | Villager (Male) |
| 4:03 | Create | Villager (Male) |
| 4:24 | Build | House |
| 4:47 | Create | Villager (Male) |
| 4:48 | Create | Villager (Male) |
| 5:30 | Create | Villager (Male) |
| 5:41 | Build | Palisade Wall |
| 5:48 | Build | Palisade Wall |
| 5:53 | Build | Palisade Wall |
| 6:26 | Build | Palisade Wall |
| 6:29 | Create | Villager (Male) |
| 7:16 | Create | Villager (Male) |
| 7:16 | Create | Villager (Male) |
| 7:35 | Create | Villager (Male) |
| 7:35 | Create | Villager (Male) |
| 8:02 | Build | House |
| 8:05 | Build | House |
| 8:11 | Build | House |
| 8:13 | Build | House |
| 8:47 | Build | Dock |
| 8:54 | Build | House |
| 8:58 | Create | Villager (Male) |
| 9:00 | Create | Villager (Male) |
| 9:19 | Create | Villager (Male) |
| 9:37 | Create | Villager (Male) |
| 10:05 | Create | Villager (Male) |
| 10:11 | Build | House |
| 10:12 | Build | House |
| 10:14 | Build | House |
| 10:20 | Create | Fishing Ship |
| 10:20 | Create | Fishing Ship |
| 10:29 | Build | Mining Camp |
| 10:58 | Create | Villager (Male) |
| 10:59 | Create | Villager (Male) |
| 11:37 | Research | Feudal Age |
| 12:33 | Create | Fishing Ship |
| 12:33 | Create | Fishing Ship |
| 12:53 | Build | Mining Camp |
| 13:12 | Build | Palisade Wall |
| 13:18 | Build | Palisade Wall |
| 13:26 | Create | Fishing Ship |
| 13:56 | Create | Villager (Male) |
| 13:59 | Create | Fishing Ship |
| 14:03 | Age | Feudal Age |
| 14:09 | Build | Blacksmith |
| 14:13 | Research | Double-Bit Axe |
| 14:25 | Build | Mill |
| 14:29 | Create | Villager (Male) |
| 14:30 | Create | Villager (Male) |
| 14:53 | Research | Horse Collar |
| 14:58 | Create | Demolition Raft |
| 15:15 | Create | Villager (Male) |
| 15:25 | Create | Fishing Ship |
| 15:25 | Create | Fishing Ship |
| 15:26 | Create | Fishing Ship |
| 15:26 | Create | Fishing Ship |
| 15:26 | Create | Fishing Ship |
| 15:33 | Build | Farm |
| 15:35 | Build | Farm |
| 15:36 | Build | Farm |
| 15:37 | Build | Farm |
| 15:39 | Build | Farm |
| 15:41 | Build | Farm |
| 15:42 | Build | Farm |
| 15:43 | Build | Farm |
| 15:44 | Build | Farm |
| 15:53 | Create | Villager (Male) |
| 15:55 | Create | Villager (Male) |
| 15:56 | Create | Villager (Male) |
| 16:02 | Build | Farm |
| 16:03 | Build | Farm |
| 16:05 | Build | Farm |
| 16:06 | Build | Farm |
Build order — kasap_hasan
65 actions detected in the replay
| 0:02 | Create | Villager (Male) |
| 0:02 | Create | Villager (Male) |
| 0:02 | Create | Villager (Male) |
| 0:03 | Build | House |
| 0:04 | Build | House |
| 0:13 | Create | Villager (Male) |
| 0:13 | Create | Villager (Male) |
| 1:30 | Create | Villager (Male) |
| 1:30 | Create | Villager (Male) |
| 1:46 | Build | Lumber Camp |
| 2:12 | Create | Villager (Male) |
| 2:12 | Create | Villager (Male) |
| 2:16 | Create | Villager (Male) |
| 2:51 | Create | Villager (Male) |
| 2:51 | Create | Villager (Male) |
| 3:11 | Create | Villager (Male) |
| 3:11 | Create | Villager (Male) |
| 3:49 | Create | Villager (Male) |
| 3:49 | Create | Villager (Male) |
| 4:26 | Create | Villager (Male) |
| 4:27 | Create | Villager (Male) |
| 4:30 | Create | Villager (Male) |
| 4:30 | Create | Villager (Male) |
| 4:55 | Build | House |
| 5:19 | Build | Mill |
| 6:01 | Create | Villager (Male) |
| 6:02 | Create | Villager (Male) |
| 6:02 | Create | Villager (Male) |
| 6:38 | Build | House |
| 7:18 | Create | Villager (Male) |
| 7:18 | Create | Villager (Male) |
| 7:25 | Build | Mining Camp |
| 7:32 | Build | Farm |
| 7:45 | Build | Farm |
| 7:47 | Create | Villager (Male) |
| 8:27 | Build | House |
| 8:33 | Research | Feudal Age |
| 8:39 | Create | Villager (Male) |
| 8:39 | Create | Villager (Male) |
| 9:28 | Research | Feudal Age |
| 9:28 | Research | Feudal Age |
| 9:51 | Create | Villager (Male) |
| 9:52 | Create | Villager (Male) |
| 11:39 | Age | Feudal Age |
| 11:45 | Build | Market |
| 11:47 | Build | Blacksmith |
| 11:53 | Research | Double-Bit Axe |
| 12:36 | Research | Castle Age |
| 12:36 | Research | Castle Age |
| 12:54 | Research | Horse Collar |
| 12:55 | Research | Horse Collar |
| 13:29 | Create | Villager (Male) |
| 13:29 | Create | Villager (Male) |
| 14:39 | Build | House |
| 14:49 | Build | Farm |
| 15:16 | Age | Castle Age |
| 15:19 | Build | Town Center |
| 15:24 | Build | Town Center |
| 15:25 | Research | Bow Saw |
| 15:41 | Research | Heavy Plow |
| 15:41 | Research | Heavy Plow |
| 16:11 | Create | Villager (Male) |
| 16:30 | Create | Villager (Male) |
| 16:33 | Build | Farm |
| 16:40 | Build | Farm |
Build order — ׅ
80 actions detected in the replay
| 0:03 | Build | House |
| 0:04 | Build | House |
| 0:04 | Create | Villager (Male) |
| 0:04 | Create | Villager (Male) |
| 0:05 | Create | Villager (Male) |
| 0:05 | Create | Villager (Male) |
| 0:05 | Create | Villager (Male) |
| 0:06 | Build | House |
| 0:17 | Research | Loom |
| 0:17 | Create | Villager (Male) |
| 0:18 | Create | Villager (Male) |
| 0:40 | Create | Villager (Male) |
| 1:18 | Build | House |
| 2:17 | Create | Villager (Male) |
| 2:50 | Create | Villager (Male) |
| 2:58 | Build | Lumber Camp |
| 3:03 | Create | Villager (Male) |
| 3:12 | Create | Villager (Male) |
| 3:12 | Create | Villager (Male) |
| 4:16 | Create | Villager (Male) |
| 4:16 | Create | Villager (Male) |
| 4:16 | Create | Villager (Male) |
| 4:37 | Create | Villager (Male) |
| 4:37 | Create | Villager (Male) |
| 4:38 | Create | Villager (Male) |
| 5:09 | Create | Villager (Male) |
| 5:09 | Create | Villager (Male) |
| 5:30 | Build | House |
| 5:36 | Build | Mill |
| 6:00 | Create | Villager (Male) |
| 6:34 | Create | Villager (Male) |
| 7:10 | Create | Villager (Male) |
| 7:39 | Create | Villager (Male) |
| 7:41 | Create | Villager (Male) |
| 8:13 | Research | Feudal Age |
| 8:58 | Build | House |
| 8:59 | Build | House |
| 10:39 | Create | Villager (Male) |
| 10:39 | Age | Feudal Age |
| 10:39 | Create | Villager (Male) |
| 10:42 | Build | Market |
| 10:49 | Build | Blacksmith |
| 11:08 | Build | Gate |
| 11:10 | Build | Stone Wall |
| 12:04 | Build | Lumber Camp |
| 12:29 | Build | Stone Wall |
| 12:38 | Create | Villager (Male) |
| 12:43 | Research | Castle Age |
| 13:24 | Build | Palisade Wall |
| 13:31 | Build | Stone Wall |
| 14:24 | Build | Stone Wall |
| 14:28 | Build | Stone Wall |
| 14:29 | Build | Stone Wall |
| 14:30 | Build | Stone Wall |
| 14:43 | Build | House |
| 14:44 | Build | House |
| 14:45 | Build | House |
| 14:46 | Build | House |
| 14:47 | Build | House |
| 14:49 | Build | House |
| 14:50 | Build | House |
| 14:51 | Build | House |
| 15:03 | Build | Mining Camp |
| 15:07 | Create | Villager (Male) |
| 15:07 | Create | Villager (Male) |
| 15:08 | Research | Double-Bit Axe |
| 15:23 | Age | Castle Age |
| 15:26 | Build | Siege Workshop |
| 15:27 | Build | Siege Workshop |
| 15:42 | Build | Palisade Wall |
| 15:49 | Build | House |
| 16:01 | Create | Villager (Male) |
| 16:11 | Create | Scorpion |
| 16:12 | Create | Scorpion |
| 16:21 | Build | House |
| 16:30 | Build | House |
| 16:32 | Build | House |
| 16:34 | Build | House |
| 16:36 | Create | Scorpion |
| 16:51 | Build | University |
Build order — swagdalf
56 actions detected in the replay
| 0:00 | Create | Villager (Male) |
| 0:00 | Create | Villager (Male) |
| 0:02 | Build | House |
| 0:03 | Build | House |
| 0:09 | Create | Villager (Male) |
| 0:09 | Create | Villager (Male) |
| 0:55 | Research | Loom |
| 0:56 | Create | Villager (Male) |
| 1:31 | Build | Palisade Wall |
| 1:35 | Create | Villager (Male) |
| 2:07 | Create | Villager (Male) |
| 2:39 | Create | Villager (Male) |
| 2:46 | Build | Palisade Wall |
| 3:12 | Create | Villager (Male) |
| 3:34 | Build | House |
| 3:37 | Create | Villager (Male) |
| 4:14 | Build | House |
| 4:15 | Create | Villager (Male) |
| 4:40 | Build | Lumber Camp |
| 4:44 | Create | Villager (Male) |
| 4:45 | Create | Villager (Male) |
| 5:34 | Create | Villager (Male) |
| 5:58 | Create | Villager (Male) |
| 6:02 | Create | Villager (Male) |
| 6:39 | Build | Mill |
| 6:52 | Create | Villager (Male) |
| 6:52 | Create | Villager (Male) |
| 7:01 | Create | Villager (Male) |
| 7:01 | Create | Villager (Male) |
| 7:39 | Create | Villager (Male) |
| 8:14 | Build | Mining Camp |
| 8:15 | Create | Villager (Male) |
| 8:40 | Create | Villager (Male) |
| 8:51 | Build | House |
| 9:06 | Create | Villager (Male) |
| 9:11 | Build | Mining Camp |
| 9:51 | Create | Villager (Male) |
| 9:55 | Research | Feudal Age |
| 10:20 | Create | Villager (Male) |
| 10:41 | Build | Palisade Wall |
| 10:44 | Build | Palisade Wall |
| 12:05 | Age | Feudal Age |
| 12:08 | Build | House |
| 12:15 | Build | Market |
| 12:16 | Build | Blacksmith |
| 12:55 | Build | House |
| 12:57 | Build | House |
| 12:59 | Build | House |
| 13:18 | Build | House |
| 13:20 | Build | House |
| 13:22 | Build | Palisade Wall |
| 13:42 | Research | Castle Age |
| 14:04 | Build | Palisade Wall |
| 14:42 | Create | Villager (Male) |
| 15:01 | Build | House |
| 15:58 | Create | Villager (Male) |
Build order — Megatron2002
92 actions detected in the replay
| 0:02 | Create | Villager (Male) |
| 0:03 | Research | Loom |
| 0:04 | Build | House |
| 0:11 | Create | Villager (Male) |
| 0:12 | Create | Villager (Male) |
| 0:12 | Create | Villager (Male) |
| 0:12 | Create | Villager (Male) |
| 0:25 | Build | House |
| 0:26 | Build | House |
| 0:27 | Build | House |
| 1:41 | Create | Villager (Male) |
| 2:17 | Create | Villager (Male) |
| 2:18 | Create | Villager (Male) |
| 2:30 | Build | Lumber Camp |
| 2:55 | Create | Villager (Male) |
| 3:23 | Create | Villager (Male) |
| 3:54 | Create | Villager (Male) |
| 4:22 | Create | Villager (Male) |
| 5:05 | Create | Villager (Male) |
| 5:05 | Create | Villager (Male) |
| 5:15 | Build | Palisade Wall |
| 5:28 | Create | Villager (Male) |
| 5:29 | Create | Villager (Male) |
| 5:46 | Create | Villager (Male) |
| 6:21 | Build | Palisade Gate |
| 6:25 | Create | Villager (Male) |
| 6:25 | Create | Villager (Male) |
| 6:26 | Create | Villager (Male) |
| 6:26 | Create | Villager (Male) |
| 7:23 | Create | Villager (Male) |
| 7:35 | Build | Dock |
| 7:42 | Create | Villager (Male) |
| 7:55 | Build | Outpost |
| 8:19 | Build | House |
| 8:20 | Build | House |
| 8:23 | Create | Villager (Male) |
| 8:24 | Create | Villager (Male) |
| 8:26 | Create | Villager (Male) |
| 9:00 | Create | Villager (Male) |
| 9:07 | Build | House |
| 9:08 | Build | House |
| 9:11 | Build | Palisade Wall |
| 9:15 | Create | Fishing Ship |
| 9:15 | Create | Fishing Ship |
| 9:41 | Create | Villager (Male) |
| 9:43 | Create | Fishing Ship |
| 10:05 | Research | Feudal Age |
| 10:07 | Create | Fishing Ship |
| 10:08 | Create | Fishing Ship |
| 10:36 | Create | Fishing Ship |
| 10:36 | Create | Fishing Ship |
| 11:28 | Build | Palisade Wall |
| 11:50 | Create | Fishing Ship |
| 11:50 | Create | Fishing Ship |
| 12:02 | Create | Villager (Male) |
| 12:03 | Create | Villager (Male) |
| 12:04 | Create | Villager (Male) |
| 12:06 | Create | Fishing Ship |
| 12:07 | Create | Fishing Ship |
| 12:20 | Age | Feudal Age |
| 12:22 | Build | Stone Wall |
| 12:37 | Build | Stone Wall |
| 12:55 | Build | Stone Wall |
| 12:57 | Create | Villager (Male) |
| 12:59 | Create | Villager (Male) |
| 13:01 | Build | Mining Camp |
| 13:28 | Create | Villager (Male) |
| 13:32 | Create | Fishing Ship |
| 13:32 | Create | Fishing Ship |
| 13:35 | Research | Double-Bit Axe |
| 13:50 | Build | Barracks |
| 13:59 | Build | House |
| 14:03 | Research | Wheelbarrow |
| 14:11 | Build | Dock |
| 14:19 | Build | House |
| 14:20 | Build | House |
| 14:43 | Create | Villager (Male) |
| 14:45 | Create | Villager (Male) |
| 14:48 | Build | Mining Camp |
| 15:06 | Build | Stone Wall |
| 15:15 | Build | Fish Trap |
| 15:29 | Build | Fish Trap |
| 15:48 | Build | Fish Trap |
| 16:15 | Build | Stone Wall |
| 16:17 | Build | Gate |
| 16:22 | Build | Fish Trap |
| 16:25 | Create | Villager (Male) |
| 16:25 | Create | Villager (Male) |
| 16:26 | Create | Villager (Male) |
| 16:28 | Create | Villager (Male) |
| 16:32 | Build | Fish Trap |
| 16:41 | Build | Fish Trap |
Build order — AM | Tailor
105 actions detected in the replay
| 0:01 | Create | Villager (Male) |
| 0:01 | Create | Villager (Male) |
| 0:01 | Create | Villager (Male) |
| 0:02 | Build | House |
| 0:04 | Build | House |
| 0:14 | Create | Villager (Male) |
| 0:14 | Create | Villager (Male) |
| 1:25 | Create | Villager (Male) |
| 1:51 | Create | Villager (Male) |
| 1:51 | Create | Villager (Male) |
| 2:26 | Create | Villager (Male) |
| 2:26 | Create | Villager (Male) |
| 2:27 | Create | Villager (Male) |
| 2:41 | Build | Lumber Camp |
| 2:43 | Create | Villager (Male) |
| 2:43 | Create | Villager (Male) |
| 3:08 | Build | House |
| 3:16 | Create | Villager (Male) |
| 3:17 | Create | Villager (Male) |
| 3:17 | Create | Villager (Male) |
| 3:31 | Build | House |
| 3:59 | Create | Villager (Male) |
| 4:00 | Create | Villager (Male) |
| 4:25 | Create | Villager (Male) |
| 5:04 | Create | Villager (Male) |
| 5:04 | Create | Villager (Male) |
| 5:23 | Create | Villager (Male) |
| 5:24 | Create | Villager (Male) |
| 5:37 | Build | Mill |
| 5:49 | Create | Villager (Male) |
| 5:51 | Build | Palisade Wall |
| 5:53 | Build | Palisade Wall |
| 5:57 | Create | Villager (Male) |
| 5:57 | Create | Villager (Male) |
| 6:02 | Build | House |
| 6:10 | Build | Palisade Wall |
| 6:22 | Build | Palisade Wall |
| 6:32 | Create | Villager (Male) |
| 6:56 | Create | Villager (Male) |
| 7:18 | Create | Villager (Male) |
| 7:35 | Research | Loom |
| 7:37 | Create | Villager (Male) |
| 7:53 | Build | Barracks |
| 8:28 | Research | Feudal Age |
| 8:52 | Build | Mining Camp |
| 8:54 | Create | Militia |
| 9:06 | Build | Farm |
| 9:17 | Create | Militia |
| 9:22 | Build | Farm |
| 9:29 | Build | House |
| 9:38 | Build | Farm |
| 9:48 | Create | Militia |
| 9:48 | Create | Militia |
| 9:55 | Build | House |
| 10:21 | Build | Farm |
| 10:24 | Create | Villager (Male) |
| 10:38 | Age | Feudal Age |
| 10:39 | Research | Man-at-Arms (upgrade) |
| 10:50 | Create | Militia |
| 11:01 | Create | Villager (Male) |
| 11:09 | Build | Farm |
| 11:18 | Create | Militia |
| 11:28 | Create | Villager (Male) |
| 11:55 | Create | Villager (Male) |
| 11:56 | Create | Villager (Male) |
| 12:08 | Create | Villager (Male) |
| 12:26 | Build | Donjon |
| 12:37 | Build | Donjon |
| 12:41 | Create | Villager (Male) |
| 12:44 | Create | Villager (Male) |
| 12:45 | Build | House |
| 12:46 | Build | House |
| 12:50 | Build | Farm |
| 13:05 | Create | Militia |
| 13:24 | Research | Arson |
| 13:24 | Research | Arson |
| 13:31 | Build | Farm |
| 13:34 | Build | Farm |
| 13:35 | Create | Villager (Male) |
| 14:02 | Create | Villager (Male) |
| 14:02 | Create | Villager (Male) |
| 14:30 | Build | Farm |
| 14:31 | Create | Villager (Male) |
| 14:31 | Create | Villager (Male) |
| 14:33 | Build | Farm |
| 14:34 | Build | Farm |
| 14:41 | Research | Double-Bit Axe |
| 14:41 | Research | Double-Bit Axe |
| 14:41 | Research | Double-Bit Axe |
| 14:44 | Build | Farm |
| 15:08 | Create | Villager (Male) |
| 15:09 | Create | Villager (Male) |
| 15:22 | Create | Villager (Male) |
| 15:42 | Build | House |
| 15:42 | Build | House |
| 15:48 | Create | Villager (Male) |
| 15:49 | Create | Villager (Male) |
| 15:52 | Research | Horse Collar |
| 15:52 | Research | Horse Collar |
| 16:06 | Build | Archery Range |
| 16:24 | Create | Villager (Male) |
| 16:25 | Create | Villager (Male) |
| 16:25 | Create | Villager (Male) |
| 16:26 | Create | Villager (Male) |
| 16:27 | Build | Farm |
Build order — JAGR | LeonzAoe
91 actions detected in the replay
| 0:01 | Create | Villager (Male) ×4 |
| 0:03 | Build | House |
| 0:04 | Build | House |
| 1:09 | Create | Villager (Male) |
| 1:32 | Create | Villager (Male) |
| 1:45 | Build | Lumber Camp |
| 2:20 | Create | Villager (Male) |
| 2:20 | Create | Villager (Male) |
| 2:20 | Create | Villager (Male) |
| 2:51 | Create | Villager (Male) |
| 2:51 | Create | Villager (Male) |
| 3:08 | Create | Villager (Male) |
| 3:40 | Create | Villager (Male) |
| 3:40 | Create | Villager (Male) |
| 4:15 | Build | House |
| 4:25 | Create | Villager (Male) |
| 4:31 | Build | Mill |
| 5:12 | Build | Palisade Wall |
| 5:13 | Build | Palisade Wall |
| 5:14 | Build | Palisade Wall |
| 5:25 | Create | Villager (Male) |
| 6:18 | Research | Loom |
| 6:42 | Research | Feudal Age |
| 7:10 | Build | Palisade Wall |
| 7:49 | Build | Barracks |
| 7:53 | Build | House |
| 8:01 | Build | Palisade Wall |
| 8:53 | Age | Feudal Age |
| 8:55 | Create | Villager (Male) |
| 8:56 | Create | Villager (Male) |
| 9:01 | Build | Stable |
| 9:16 | Build | House |
| 9:23 | Build | House |
| 9:43 | Create | Scout Cavalry |
| 9:43 | Create | Scout Cavalry |
| 10:04 | Build | House |
| 10:07 | Research | Double-Bit Axe |
| 10:08 | Create | Villager (Male) |
| 10:08 | Create | Villager (Male) |
| 10:19 | Research | Horse Collar |
| 10:30 | Create | Scout Cavalry |
| 10:34 | Build | Palisade Wall |
| 10:40 | Build | Palisade Wall |
| 10:42 | Build | Palisade Wall |
| 10:44 | Build | Palisade Wall |
| 10:46 | Build | House |
| 11:04 | Create | Scout Cavalry |
| 11:08 | Create | Villager (Male) |
| 11:28 | Build | House |
| 11:29 | Build | House |
| 11:55 | Create | Villager (Male) |
| 11:55 | Create | Villager (Male) |
| 12:00 | Build | Blacksmith |
| 12:04 | Build | Farm |
| 12:28 | Create | Villager (Male) |
| 12:28 | Create | Villager (Male) |
| 12:30 | Build | Farm |
| 12:36 | Build | Farm |
| 13:13 | Research | Forging |
| 13:20 | Create | Villager (Male) |
| 13:20 | Create | Villager (Male) |
| 13:24 | Build | Farm |
| 13:25 | Build | Farm |
| 13:27 | Build | House |
| 13:38 | Create | Scout Cavalry |
| 13:38 | Create | Scout Cavalry |
| 14:00 | Create | Villager (Male) |
| 14:00 | Create | Villager (Male) |
| 14:01 | Create | Villager (Male) |
| 14:02 | Build | Farm |
| 14:07 | Build | House |
| 14:54 | Create | Scout Cavalry |
| 15:20 | Create | Scout Cavalry |
| 15:20 | Create | Scout Cavalry |
| 16:08 | Create | Villager (Male) |
| 16:08 | Create | Villager (Male) |
| 16:09 | Create | Villager (Male) |
| 16:11 | Build | Farm |
| 16:12 | Build | Farm |
| 16:12 | Build | Farm |
| 16:12 | Build | Farm |
| 16:12 | Build | Farm |
| 16:12 | Build | Farm |
| 16:13 | Build | Farm |
| 16:13 | Build | Farm |
| 16:13 | Build | Farm |
| 16:13 | Build | Farm |
| 16:19 | Build | Mining Camp |
| 16:22 | Build | House |
| 16:23 | Build | House |
| 16:42 | Build | Farm |
Build order — DKT | Juan Manco II
80 actions detected in the replay
| 0:01 | Create | Villager (Male) |
| 0:01 | Create | Villager (Male) |
| 0:01 | Create | Villager (Male) |
| 0:01 | Create | Villager (Male) |
| 0:03 | Build | House |
| 0:04 | Build | House |
| 1:27 | Create | Villager (Male) |
| 1:27 | Create | Villager (Male) |
| 1:47 | Build | Lumber Camp |
| 2:02 | Create | Villager (Male) |
| 2:03 | Create | Villager (Male) |
| 2:20 | Create | Villager (Male) |
| 2:21 | Create | Villager (Male) |
| 2:44 | Create | Villager (Male) |
| 2:44 | Create | Villager (Male) |
| 2:59 | Create | Villager (Male) |
| 2:59 | Create | Villager (Male) |
| 3:27 | Build | House |
| 3:32 | Create | Villager (Male) |
| 3:32 | Create | Villager (Male) |
| 4:02 | Create | Villager (Male) |
| 4:31 | Create | Villager (Male) |
| 4:31 | Create | Villager (Male) |
| 4:38 | Build | Dock |
| 4:54 | Create | Villager (Male) |
| 5:15 | Create | Villager (Male) |
| 5:19 | Create | Fishing Ship |
| 5:29 | Build | House |
| 5:42 | Create | Villager (Male) |
| 5:55 | Create | Villager (Male) |
| 6:15 | Create | Fishing Ship |
| 6:19 | Create | Villager (Male) |
| 6:26 | Build | House |
| 6:53 | Create | Villager (Male) |
| 6:53 | Create | Villager (Male) |
| 6:57 | Create | Fishing Ship |
| 7:11 | Create | Villager (Male) |
| 7:53 | Create | Villager (Male) |
| 7:58 | Build | Mill |
| 8:23 | Create | Villager (Male) |
| 8:28 | Build | House |
| 8:31 | Create | Villager (Male) |
| 8:59 | Create | Villager (Male) |
| 9:02 | Build | Lumber Camp |
| 9:42 | Research | Loom |
| 9:50 | Create | Villager (Male) |
| 9:50 | Create | Villager (Male) |
| 10:06 | Create | Villager (Male) |
| 10:10 | Create | Fishing Ship |
| 10:31 | Build | Mining Camp |
| 10:42 | Research | Feudal Age |
| 11:54 | Create | Villager (Male) |
| 11:54 | Create | Villager (Male) |
| 11:55 | Create | Villager (Male) |
| 12:01 | Build | House |
| 13:26 | Age | Feudal Age |
| 13:27 | Research | Double-Bit Axe |
| 13:27 | Research | Double-Bit Axe |
| 13:31 | Research | Horse Collar |
| 13:31 | Research | Horse Collar |
| 13:38 | Build | Market |
| 13:48 | Build | Fish Trap |
| 13:51 | Create | Fishing Ship |
| 13:51 | Create | Fishing Ship |
| 13:58 | Build | Fish Trap |
| 14:27 | Build | Lumber Camp |
| 14:35 | Research | Castle Age |
| 14:36 | Research | Castle Age |
| 14:40 | Build | Fish Trap |
| 15:04 | Build | Farm |
| 15:05 | Build | Farm |
| 15:06 | Build | Farm |
| 15:07 | Build | Farm |
| 15:19 | Build | Fish Trap |
| 15:30 | Build | Farm |
| 15:35 | Build | Farm |
| 16:26 | Build | Fish Trap |
| 16:30 | Build | Fish Trap |
| 16:36 | Research | Wheelbarrow |
| 16:36 | Research | Wheelbarrow |
Match timeline
| 1:31 | swagdalf · wall_segment Palisade Wall x10 |
| 2:46 | swagdalf · wall_segment Palisade Wall x9 |
| 4:38 | DKT | Juan Manco II · first_building Dock |
| 5:12 | JAGR | LeonzAoe · wall_segment Palisade Wall x6 |
| 5:13 | JAGR | LeonzAoe · wall_segment Palisade Wall x1 |
| 5:14 | JAGR | LeonzAoe · wall_segment Palisade Wall x4 |
| 5:15 | Megatron2002 · wall_segment Palisade Wall x17 |
| 5:41 | BoBa · wall_segment Palisade Wall x1 |
| 5:48 | BoBa · wall_segment Palisade Wall x1 |
| 5:51 | AM | Tailor · wall_segment Palisade Wall x1 |
| 5:53 | AM | Tailor · wall_segment Palisade Wall x1 |
| 5:53 | BoBa · wall_segment Palisade Wall x1 |
| 6:10 | AM | Tailor · wall_segment Palisade Wall x1 |
| 6:22 | AM | Tailor · wall_segment Palisade Wall x1 |
| 6:26 | BoBa · wall_segment Palisade Wall x8 |
| 7:10 | JAGR | LeonzAoe · wall_segment Palisade Wall x1 |
| 7:35 | Megatron2002 · first_building Dock |
| 7:49 | JAGR | LeonzAoe · first_building Barracks |
| 7:53 | AM | Tailor · first_building Barracks |
| 8:01 | JAGR | LeonzAoe · wall_segment Palisade Wall x1 |
| 8:47 | BoBa · first_building Dock |
| 8:53 | JAGR | LeonzAoe · age_up feudal |
| 9:01 | JAGR | LeonzAoe · first_building Stable |
| 9:11 | Megatron2002 · wall_segment Palisade Wall x4 |
| 10:34 | JAGR | LeonzAoe · wall_segment Palisade Wall x1 |
| 10:38 | AM | Tailor · age_up feudal |
| 10:39 | ׅ · age_up feudal |
| 10:40 | JAGR | LeonzAoe · wall_segment Palisade Wall x2 |
| 10:41 | swagdalf · wall_segment Palisade Wall x11 |
| 10:42 | JAGR | LeonzAoe · wall_segment Palisade Wall x3 |
| 10:44 | swagdalf · wall_segment Palisade Wall x13 |
| 10:44 | JAGR | LeonzAoe · wall_segment Palisade Wall x4 |
| 11:10 | ׅ · wall_segment Stone Wall x1 |
| 11:28 | Megatron2002 · wall_segment Palisade Wall x1 |
| 11:30 | ׅ · first_market_sell 100 stone |
| 11:39 | kasap_hasan · age_up feudal |
| 12:05 | swagdalf · age_up feudal |
| 12:20 | Megatron2002 · age_up feudal |
| 12:22 | Megatron2002 · wall_segment Stone Wall x3 |
| 12:26 | AM | Tailor · first_building Donjon |
| 12:29 | ׅ · wall_segment Stone Wall x2 |
| 12:37 | Megatron2002 · wall_segment Stone Wall x1 |
| 12:55 | Megatron2002 · wall_segment Stone Wall x8 |
| 13:12 | BoBa · wall_segment Palisade Wall x1 |
| 13:18 | BoBa · wall_segment Palisade Wall x1 |
| 13:22 | swagdalf · wall_segment Palisade Wall x1 |
| 13:24 | ׅ · wall_segment Palisade Wall x4 |
| 13:26 | DKT | Juan Manco II · age_up feudal |
| 13:31 | ׅ · wall_segment Stone Wall x2 |
| 13:41 | swagdalf · first_market_sell 100 stone |
| 13:50 | Megatron2002 · first_building Barracks |
| 14:03 | BoBa · age_up feudal |
| 14:04 | swagdalf · wall_segment Palisade Wall x1 |
| 14:24 | ׅ · wall_segment Stone Wall x1 |
| 14:28 | ׅ · wall_segment Stone Wall x7 |
| 14:29 | ׅ · wall_segment Stone Wall x1 |
| 14:30 | ׅ · wall_segment Stone Wall x10 |
| 14:34 | DKT | Juan Manco II · first_market_sell 100 stone |
| 15:06 | Megatron2002 · wall_segment Stone Wall x4 |
| 15:16 | kasap_hasan · age_up castle |
| 15:23 | ׅ · age_up castle |
| 15:26 | ׅ · first_building Siege Workshop |
| 15:42 | ׅ · wall_segment Palisade Wall x1 |
| 16:01 | swagdalf · resign |
| 16:06 | AM | Tailor · first_building Archery Range |
| 16:15 | Megatron2002 · wall_segment Stone Wall x13 |
[ AI ANALYSIS · 1 CREDIT ]
What really happened in this match?
Wolo.gg analyzes every decision: build order, eco, micro, common mistakes by bracket. Personalized analysis on WhatsApp or Discord in 30 seconds.
Civ guide
Britons
Perfil
Jugador #5000423